 Dungeon Crawl Stone Soup version 0.23-a0-767-gdc19b93d68 (webtiles) character file.

1545 Flugslaktarn the Cleaver (level 8, -2/73 HPs)
             Began as a Minotaur Fighter on Jan 28, 2019.
             Slain by a yak (12 damage)
             ... on level 8 of the Dungeon.
             The game lasted 00:02:43 (3099 turns).

Flugslaktarn the Cleaver (Minotaur Fighter)         Turns: 3099, Time: 00:02:44

Health: -2/73      AC: 10    Str: 21    XL:     8   Next: 56%
Magic:  7/7        EV:  7    Int:  5    God:
Gold:   48         SH: 10    Dex: 12    Spells: 7/7 levels left

rFire    . . .     SeeInvis .   a - +0 war axe
rCold    . . .     Gourm    .   i - +1 shield {AC+3}
rNeg     . . .     Faith    .   b - +0 scale mail
rPois    .         Spirit   .   (helmet restricted)
rElec    .         Reflect  .   (no cloak)
rCorr    .         Harm     .   (no gloves)
MR       .....                  (no boots)
Stlth    ..........             (no amulet)
HPRegen  0.22/turn              (no ring)
MPRegen  0.10/turn              (no ring)

@: lethally poisoned (-2 -> -3)
A: retaliatory headbutt, horns 2
a: no special abilities


You were on level 8 of the Dungeon.
You were very hungry.

You visited 1 branch of the dungeon, and saw 8 of its levels.

You collected 272 gold pieces.
You spent 224 gold pieces at shops.

Inventory:

Hand Weapons
 a - a +0 war axe (weapon)
Armour
 b - a +0 scale mail (worn)
 i - a +1 shield of protection (worn)
Jewellery
 o - an uncursed amulet of guardian spirit {unknown}
Wands
 k - a wand of digging (4) {@v1}
Scrolls
 c - 5 scrolls of teleportation {@r3}
 e - a scroll of amnesia {unknown}
 g - 2 scrolls of enchant armour
 h - a scroll of magic mapping
 l - a scroll of remove curse {unknown}
 n - a scroll of random uselessness {unknown}
 q - a scroll of blinking {@r4}
 r - a scroll of fear
 s - a scroll of fog
Potions
 d - 2 potions of might {@q4}
 j - 3 potions of curing {@q1}
 m - 3 potions of flight {unknown}
Comestibles
 f - 8 rations {@e1}


   Skills:
 + Level 7.1 Fighting
 + Level 9.8 Axes
 + Level 7.1 Armour
 - Level 3.6 Shields


You had 7 spell levels left.
You didn't know any spells.
Your spell library was empty.

Dungeon Overview and Level Annotations

Branches:
Dungeon (9/15)
 Temple: D:4-7         Lair: D:8-11         Orc: D:9-12

Altars:
Elyvilon
Ru
Uskayaw

Shops:
D:5 ?!!(


Innate Abilities, Weirdness & Mutations

You reflexively headbutt those who attack you in melee.
You have a pair of horns on your head.


Message History

You destroy the water moccasin zombie!
You hit the plant but do no damage. You completely miss the fungus.
You hit the plant but do no damage. You barely miss the yak.
You headbutt the yak, but do no damage.
The yak is moderately wounded.
You hit the plant. You hit the fungus. You hit the plant but do no damage.
You feel sick. The yak gores you but does no damage.
You feel sick.
You feel sick.
You slash the yak!
The yak is heavily wounded.
You feel sick. You block the yak's attack.
You hit the yak but do no damage. Your headbutt misses the yak.
The yak is heavily wounded.
The yak gores you!
* * * LOW HITPOINT WARNING * * *
You hit the yak. Your headbutt misses the yak.
The yak is severely wounded.
The yak gores you!
You die...

.Z.##........P...#.....
.. #P.$P..P.P.P.#...###
. ##...P.P............
#.......P......>...
#####..#...........
#..#####.#...... #.##
#s#...#.# #. #Y# ..# #
#@# .# #.# #.. ####


You could see a yak and a giant cockroach.

Vanquished Creatures
  A water moccasin (D:5)
  Duvessa (D:4)
  An ice beast (D:9)
  A phantom (D:5)
  3 bullfrogs (D:8)
  A water moccasin zombie (D:8)
  Dowan (D:4)
  2 howler monkeys
  A crimson imp (D:5)
  A jelly (D:5)
  2 bullfrog skeletons
  4 orc priests
  2 centaur skeletons
  5 orc wizards
  2 iguanas (D:4)
  6 worker ants
  A howler monkey skeleton (D:4)
  A worker ant zombie (D:5)
  7 adders
  3 oozes
  3 adder skeletons
  2 worms
  2 dart slugs
  3 leopard geckos
  14 orcs
  A giant cockroach (D:1)
  3 goblins
  4 hobgoblins
  5 kobolds
  A quokka (D:5)
  A ball python skeleton (D:4)
  5 bats
  2 frilled lizards
  A jackal zombie (D:5)
  4 rats
  2 fungi (D:8)
  A plant (D:8)
100 creatures vanquished.

Vanquished Creatures (others)
  2 fungi (D:8)
2 creatures vanquished.

Grand Total: 102 creatures vanquished

Notes
Turn   | Place    | Note
-------+----------+-------------------------------------------
     0 | D:1      | Flugslaktarn the Minotaur Fighter began the quest for the
                  | Orb.
     0 | D:1      | Reached XP level 1. HP: 19/19 MP: 0/0
    17 | D:1      | Reached skill level 3 in Axes
    89 | D:1      | Reached XP level 2. HP: 24/26 MP: 1/1
   270 | D:1      | Reached skill level 4 in Axes
   408 | D:2      | Reached XP level 3. HP: 30/31 MP: 2/2
   730 | D:3      | Found a white marble altar of Elyvilon.
   738 | D:3      | Reached skill level 5 in Axes
   791 | D:3      | Found a white marble altar of Elyvilon.
   792 | D:3      | Found a sacrificial altar of Ru.
   793 | D:3      | Found a hide-covered altar of Uskayaw.
   838 | D:3      | Reached XP level 4. HP: 39/39 MP: 3/3
   925 | D:4      | Noticed Duvessa
   925 | D:4      | Noticed Dowan
   933 | D:4      | Killed Dowan
   933 | D:4      | Reached skill level 6 in Axes
   933 | D:4      | Reached XP level 5. HP: 38/45 MP: 4/4
   940 | D:4      | Killed Duvessa
   940 | D:4      | Reached skill level 7 in Axes
   952 | D:4      | Reached XP level 6. HP: 35/51 MP: 5/5
  1349 | D:4      | Reached skill level 8 in Axes
  1895 | D:5      | Entered Level 5 of the Dungeon
  1922 | D:5      | Reached XP level 7. HP: 60/60 MP: 6/6
  2122 | D:5      | Found Idwiu's Distillery.
  2244 | D:5      | Reached skill level 5 in Fighting
  2244 | D:5      | Reached skill level 5 in Armour
  2311 | D:5      | Found Hagaiqan's Weapon Shoppe.
  2329 | D:5      | Found Seoden's Distillery.
  2411 | D:5      | Found Piejauk's Magic Scroll Shoppe.
  2424 | D:5      | Reached skill level 9 in Axes
  2441 | D:5      | Reached XP level 8. HP: 12/70 MP: 7/7
  2745 | D:5      | Bought a scroll of blinking for 105 gold pieces
  2745 | D:5      | Bought a scroll of fear for 49 gold pieces
  2745 | D:5      | Bought a scroll of teleportation for 42 gold pieces
  2745 | D:5      | Bought a scroll of fog for 28 gold pieces
  3039 | D:6      | You fall through a shaft for 3 floors!
  3099 | D:8      | Slain by a yak

Vault maps used:
D:1:      sevenhm_arrival_forest_fort_small_5
D:2:      wad_orctagon
D:3:      gammafunk_temple_overflow_forgotten, first_ration,
          hangedman_feature_mirror, elyvilon_altar_5
D:4:      minmay_angry_zag, kennysheep_generic_room_14, uniq_duvessa
D:5:      serial_shops, shop, shop, nicolae_shop_competitors_out_of_business,
          shop_coins, grunt_ministairs_11, chequers_avenue
D:6:      nicolae_overflow_crystal_walls, zin_scriptorium, st_stairs_10,
          uniq_sigmund, uniq_eustachio
D:8:      grunt_lair_entry_orc_guard_hut, serial_shops, shop, feat_on_display,
          uniq_prince_ribbit1
D:9:      hangedman_fish_farm

Skill      XL: |  1  2  3  4  5  6  7  8 |
---------------+-------------------------+-----
Axes           | 3 4 5 6 7 8 9 |  9.8
Fighting       | 4 6 7 |  7.1
Armour         | 4 6 7 |  7.1
Shields        | |  3.6

Action                   |  1- 3 |  4- 6 |  7- 9 || total
-------------------------+-------+-------+-------++-------
Melee: War axe           |    90 |    89 |   116 ||   295
       Headbutt          |    10 |    21 |    27 ||    58
  Use: Scroll            |     2 |       |     1 ||     3
  Eat: Chunk             |       |     4 |     2 ||     6
Armor: Scale mail        |    49 |    35 |    55 ||   139
Dodge: Dodged            |    30 |    23 |    31 ||    84
Block: Shield            |    49 |    49 |    52 ||   150

Table legend:
 A = Non-vault XP
 B = Vault XP
 C = Vault XP percentage of total XP
 D = Non-vault monster count
 E = Vault monster count
 F = Vault count percentage of total count
                 A         B        C        D         E       F
            +---------+---------+-------+---------+---------+-------
      Total |    1556 |     652 |  29.5 |      80 |      17 |  17.5
            +---------+---------+-------+---------+---------+-------
        D:1 |      34 |       0 |   0.0 |      13 |       0 |   0.0
        D:2 |      19 |      12 |  38.7 |      11 |       4 |  26.7
        D:3 |      40 |       1 |   2.4 |       9 |       1 |  10.0
        D:4 |     333 |     285 |  46.1 |      17 |       5 |  22.7
        D:5 |     761 |      86 |  10.2 |      23 |       4 |  14.8
        D:8 |     242 |     268 |  52.5 |       6 |       3 |  33.3
        D:9 |     127 |       0 |   0.0 |       1 |       0 |   0.0
            +---------+---------+-------+---------+---------+-------
